Cogmind - Beta 15 @@@ ROGUE MODE // 2025.10.17 @ 12:48:46 Player: KeKe Result: Destroyed by Y-64 Sentinel with Wave Gun Performance ------------- Evolutions (6) 3000 Regions Visited (12) 2400 Robots Destroyed (149) 745 Value Destroyed (5144) 5144 Prototype IDs (22) 440 Alien Tech Used (0) 0 Bonus (2466) 2466 TOTAL SCORE: 14195 Bonus ------- High Alert Combat Kills 17 Follower Combat Kills 437 Met Warlord at Base 500 MAIN.C Attacked Warlord 500 Warlord Defense Kills 1082 Friendly Fire -70 Cogmind --------- Core Integrity 0/1150 Matter 13/300 Energy 99/100 System Corruption 32% Temperature Cool (9) Movement Core (50) Location -4/Armory Parts ------- > --- POWER (2) -------- (None) > --- PROPULSION (4) --- Enhanced Armored Medium Treads > --- UTILITY (9) ------ (None) > --- WEAPON (4) ------- (None) > --- INVENTORY (5) ---- (None) Peak State ------------ > --- POWER ------------ Quantum Reactor Quantum Reactor > --- PROPULSION ------- Enhanced Armored Medium Treads Enhanced Armored Medium Treads Enhanced Armored Medium Treads Enhanced Armored Medium Treads > --- UTILITY ---------- Improved Heat Sink Advanced Signal Interpreter Active Sensor Suite Improved Heavy Armor Plating Authchip [Storage] > --- WEAPON ----------- Gatling Laser HERF Cannon Gamma Bomb Array > --- INVENTORY -------- Quantum Reactor Enhanced Armored Medium Treads Enhanced Armored Medium Treads [Rating: 120] Favorites ----------- Power Neutrino Core Engine Cooled Deuterium Engine Power Core Neutrino Core Reactor Quantum Reactor Propulsion Armored Treads Treads Armored Treads Leg Aluminum Leg Wheel Wheel Flight Unit Xenon Bombardment Thruster Utility Large Storage Unit Device Active Sensor Suite Storage Large Storage Unit Processor Improved Signal Interpreter Hackware Authchip [Storage] Protection Improved Medium Armor Plating Weapon Cooled Pulse Rifle Energy Gun Cooled Pulse Rifle Energy Cannon Beam Cannon Ballistic Gun Assault Rifle Launcher Gamma Bomb Array Special Weapon Welding Torch Impact Weapon Powered Hammer Slashing Weapon Phasing Sabre Build | -11 -10 -9 -8 -7 -6 -5 -5 -5 -5 -4 -4 -4 ------- Run | Yrd Mat Mat Mat Fac Fac Fac Upp Upp War Pro Fac Arm Slots Evolved 12 | . . 2 2 2 2 2 . . . . 2 . Power 1 | . . . . . . 1 . . . . . . Propulsion 2 | . . . 2 . . . . . . . . . Utility 7 | . . 2 . 2 1 1 . . . . 1 . Weapon 2 | . . . . . 1 . . . . . 1 . Parts Attached 135 | 1 12 24 7 23 6 20 . 4 5 4 7 22 Power 19 | . 3 2 1 2 1 3 . 2 1 1 . 3 Engine 9 | . 2 2 . 2 1 2 . . . . . . Core 7 | . 1 . 1 . . 1 . 2 1 1 . . Reactor 3 | . . . . . . . . . . . . 3 Propulsion 33 | . 3 6 3 2 . 4 . 1 1 2 3 8 Treads 27 | . . 6 3 2 . 4 . 1 1 2 . 8 Leg . | . . . . . . . . . . . . . Wheel 3 | . 3 . . . . . . . . . . . Hover . | . . . . . . . . . . . . . Flight 3 | . . . . . . . . . . . 3 . Utility 51 | 1 3 10 1 12 3 10 . 1 2 1 . 7 Device 24 | 1 1 4 1 5 3 5 . 1 . . . 3 Storage 5 | . 2 2 . . . 1 . . . . . . Processor 4 | . . 1 . 1 . . . . . . . 2 Hackware 3 | . . . . 1 . 1 . . . . . 1 Protection 15 | . . 3 . 5 . 3 . . 2 1 . 1 Artifact . | . . . . . . . . . . . . . Weapon 32 | . 3 6 2 7 2 3 . . 1 . 4 4 Energy Gun 18 | . 2 5 2 4 1 2 . . 1 . . 1 Energy Cannon 7 | . 1 1 . 2 . . . . . . 2 1 Ballistic Gun . | . . . . . . . . . . . . . Ballistic Cannon . | . . . . . . . . . . . . . Launcher 4 | . . . . . 1 . . . . . 1 2 Special Weapon 1 | . . . . 1 . . . . . . . . Impact Weapon 1 | . . . . . . 1 . . . . . . Slashing Weapon 1 | . . . . . . . . . . . 1 . Piercing Weapon . | . . . . . . . . . . . . . Special Melee Weapon . | . . . . . . . . . . . . . Unidentified Prototypes 10 | . . 2 1 3 . 1 . . . 1 1 1 Corrupted Parts 3 | . . . . . . 1 . . . . . 2 System Corruption 17 | . . . . . . 1 . . . . . 16 Parts Lost 38 | . . 5 . 1 1 6 . 1 3 3 12 6 Power 5 | . . . . . 1 . . . 1 1 1 1 Propulsion 11 | . . 1 . . . 3 . . 1 1 5 . Utility 15 | . . 2 . 1 . 2 . 1 1 . 5 3 Weapon 7 | . . 2 . . . 1 . . . 1 1 2 Highest Loss Streak 11 | . . 3 . 1 1 5 . 1 3 2 11 5 To Critical Strikes . | . . . . . . . . . . . . . Average Backups 12 | 6 9 12 14 14 14 12 14 14 14 13 12 3 Power 1 | 1 . 1 1 1 . . 1 1 1 1 . . Propulsion 2 | 4 3 4 3 3 3 1 1 1 . 4 3 2 Utility 5 | . 3 4 6 5 6 7 9 8 7 4 2 . Weapon 3 | 1 2 1 3 4 4 3 3 3 5 3 4 . Tool/Special . | . . . . . . . . . . . . . Unused Backups 25 | . 2 6 . 10 . . . . 2 . 3 2 Power . | . . . . . . . . . . . . . Propulsion 4 | . . 3 . . . . . . . . 1 . Utility 8 | . 1 2 . 3 . . . . 2 . . . Weapon 13 | . 1 1 . 7 . . . . . . 2 2 Tool/Special . | . . . . . . . . . . . . . Average Slot Usage (%) 86 | . 97 99 99 99 99 90 82 82 75 84 77 50 Engine 3 | . 7 9 4 6 6 4 5 . . . . . Core 4 | . 5 1 4 . . 2 5 9 10 11 9 . Treads 22 | . . 18 35 30 26 22 23 23 23 19 13 16 Wheel 1 | . 24 3 . . . . . . . . . . Device 18 | . 14 23 18 21 26 20 12 17 17 17 19 4 Storage 7 | . 14 15 9 7 6 11 9 5 5 5 4 . Processor 1 | . . 1 . 3 6 1 . . . . . 5 Protection 6 | . . 4 9 11 6 6 5 5 5 11 8 4 Energy Gun 13 | . 12 14 18 12 19 16 17 17 10 16 13 2 Energy Cannon 1 | . 12 7 . 2 . . . . . . 1 1 Peak Build Rating 120 | 7 10 28 39 50 61 86 88 94 96 104 118 120 Average Rating 66 | 6 8 15 37 46 59 68 86 92 87 102 108 80 On Entrance 51 | 6 7 10 28 39 50 59 86 88 94 96 103 2 Naked Turns 35 | . . . . . . . . . . . 12 23 Heaviest Build 95 | 14 30 40 42 60 59 65 64 82 88 83 95 87 Greatest Support 140 | 20 26 46 80 88 88 88 87 87 97 128 128 140 Greatest Overweight (x) 2 | . 1 1 . . . . . . 1 . 1 2 Average Overweight (x) . | . . . . . . . . . . . . . Largest Inventory Capacity 15 | 8 15 15 15 15 15 15 15 15 15 15 15 5 Average Capacity 13 | 8 12 15 15 15 15 15 15 15 15 15 14 5 Most Carried 15 | 6 12 15 15 15 15 14 14 15 15 15 14 5 Average Carried 12 | 6 9 12 14 14 14 12 14 14 14 13 12 3 Final Capacity 15 | 8 15 15 15 15 15 15 15 15 15 15 5 5 Final Carried 15 | 6 12 15 15 15 15 14 14 13 15 12 3 . Class Distribution -------------------- 37% | Mutant 31% | Scavenger-Skirmisher 13% | Tank 5% | Scavenger-Tank 3% | Skirmisher 3% | Scavenger-Mutant Dominant Class ---------------- Mutant | -10/Materials Mutant | -9/Materials Mutant | -8/Materials Mutant | -7/Factory Tank | -6/Factory Tank | -5/Factory Scavenger-Skirmisher | -5/Upper Caves Scavenger-Skirmisher | -5/Upper Caves Scavenger-Skirmisher | -5/Warlord Scavenger-Tank | -4/Proximity Caves Scavenger-Assassin | -4/Factory Skirmisher | -4/Armory Resources | -11 -10 -9 -8 -7 -6 -5 -5 -5 -5 -4 -4 -4 ----------- Run | Yrd Mat Mat Mat Fac Fac Fac Upp Upp War Pro Fac Arm Matter Collected 2391 | 238 180 200 130 296 95 210 . 170 276 141 8 447 Remotely . | . . . . . . . . . . . . . Salvage Created 6541 | 105 582 1204 255 1352 771 484 . 188 528 376 335 361 Parts 314 | 4 24 65 16 71 30 18 . 7 16 24 15 24 Haulers Intercepted 6 | . 1 2 . 2 . . . . . . 1 . Recyclers Shooed 5 | . 1 2 . 1 1 . . . . . . . Parts Field Recycled . | . . . . . . . . . . . . . Retrieved Matter . | . . . . . . . . . . . . . Parts Self-Destructed 35 | . . . . . . . . 10 . 25 . . Prevented 7 | . . . . . . . . 2 . 5 . . Kills | -11 -10 -9 -8 -7 -6 -5 -5 -5 -5 -4 -4 -4 ------- Run | Yrd Mat Mat Mat Fac Fac Fac Upp Upp War Pro Fac Arm Combat Hostiles Destroyed 113 | . 8 24 10 24 9 7 . 3 9 9 6 4 Guns 73 | . 4 12 10 17 6 6 . 3 9 3 3 . Cannons 21 | . 4 11 . 6 . . . . . . . . AOE 14 | . . . . . 2 . . . . 5 3 4 Classes Destroyed 21 | 2 4 3 1 2 1 1 . 2 4 . . 1 Worker 5 | . 1 1 . 3 . . . . . . . . Builder 6 | . . 1 . 2 2 . . . . . 1 . Tunneler 1 | 1 . . . . . . . . . . . . Hauler 6 | . 1 2 . 2 . . . . . . 1 . Recycler 13 | 1 4 3 . 3 2 . . . . . . . Operator 1 | . . . 1 . . . . . . . . . Watcher 2 | . . 1 . . . 1 . . . . . . Swarmer 40 | . 6 13 4 3 3 . . 1 2 5 . 3 Grunt 38 | . 2 5 5 13 3 2 . . 2 2 3 1 Brawler 2 | . . . . . . . . . 2 . . . Duelist 2 | . . . . 1 . 1 . . . . . . Protector 1 | . . . . . . . . . 1 . . . Sentry 8 | . . 6 1 . . 1 . . . . . . Demolisher 1 | . . . . . . . . . 1 . . . Specialist 1 | . . . . . . . . . . . . 1 Hunter 2 | . . . . . 2 . . . . . . . Programmer 15 | . . . . 7 1 2 . . . 2 3 . Heavy 2 | . . . . . . 1 . . . . . 1 Behemoth 1 | . . . . . . . . 1 . . . . Striker 1 | . . . . . . . . . 1 . . . Mutant 1 | . . . . . . . . 1 . . . . Best Kill Streak 11 | 2 6 11 4 6 9 3 . 1 4 5 5 3 Combat Bots Only 6 | . 6 5 4 4 4 3 . 1 4 5 4 3 Max Kills in Single Turn 3 | 1 1 1 1 2 2 1 . 1 2 2 3 3 Gunslinging 1 | . . . . . . . . . 1 . . . Exploded 3 | . . . . . 2 . . . . 2 2 3 Melee . | . . . . . . . . . . . . . Uniques/NPCs Destroyed . | . . . . . . . . . . . . . Combat | -11 -10 -9 -8 -7 -6 -5 -5 -5 -5 -4 -4 -4 -------- Run | Yrd Mat Mat Mat Fac Fac Fac Upp Upp War Pro Fac Arm Hostile Shots Fired 981 | . 34 160 41 116 65 131 . 40 61 46 166 121 Missed 320 | . 7 41 4 33 21 40 . 9 20 15 93 37 Hits 661 | . 27 119 37 83 44 91 . 31 41 31 73 84 Melee 3 | . . . . . . 1 . . 1 . 1 . Projectile 658 | . 27 119 37 83 44 90 . 31 40 31 72 84 AOE 4 | . . . . . . . . . 4 . . . Critical Strikes 28 | . 1 3 3 2 2 2 . . 1 . 2 12 Part Disruptions 6 | . . . . . . . . . 1 . 3 2 Damage Taken 13155 | . 275 1081 367 1339 662 1994 . 648 1555 545 1806 2883 Core 2166 | . 86 252 27 140 46 294 . . 67 82 874 298 Absorbed by Shields 401 | . . 165 123 . 65 48 . . . . . . Regen/Repaired (Parts) 322 | . 133 . . . . . . . 189 . . . Core Remaining (%) 75 | 100 65 37 95 80 94 . . . . 55 . . Volleys Fired 397 | 7 28 105 24 77 30 37 . 18 21 13 14 23 Largest 4 | 2 2 2 2 2 3 3 . 3 3 3 4 2 Hottest 285 | 40 100 100 150 150 180 180 . 180 180 180 285 160 Shots Fired 835 | 14 54 196 48 153 77 80 1 55 63 24 43 27 Gun 617 | 14 27 99 48 106 74 80 1 55 63 17 33 . Cannon 177 | . 27 97 . 47 . . . . . . 4 2 Launcher 41 | . . . . . 3 . . . . 7 6 25 Special . | . . . . . . . . . . . . . Kinetic 14 | 14 . . . . . . . . . . . . Thermal 726 | . 54 144 48 153 74 80 1 55 63 17 37 . Explosive 6 | . . . . . . . . . . . 6 . Electromagnetic 89 | . . 52 . . 3 . . . . 7 . 27 Robot Hit Streak 26 | 7 5 14 7 10 12 17 . 26 14 15 18 13 Robot Miss Streak 7 | 1 2 4 6 7 3 2 . 1 1 2 3 5 Penetration Max . | . . . . . . . . . . . . . Secondary Targets 10 | . . . 2 2 1 . . . 4 1 . . Max Gunslinging Chain 1 | . . . 1 1 1 . . . 1 1 . . Shots Hit Robots 582 | 8 34 130 44 96 53 63 . 40 53 16 25 20 Core Hits 288 | 3 17 39 46 63 20 14 . 7 26 12 14 27 Critical Kills . | . . . . . . . . . . . . . Critical Parts Destroyed 1 | . . . . . . 1 . . . . . . Critical Strikes 7 | . . . . 1 2 1 . 1 1 1 . . Burn 6 | . . . . 1 2 . . 1 1 1 . . Smash 1 | . . . . . . 1 . . . . . . Melee Attacks 13 | . . . . . . 6 . . . . 6 1 Impact 6 | . . . . . . 6 . . . . . . Slashing 7 | . . . . . . . . . . . 6 1 Piercing . | . . . . . . . . . . . . . Sneak Attacks . | . . . . . . . . . . . . . Combat Hostiles . | . . . . . . . . . . . . . Follow-up Attacks . | . . . . . . . . . . . . . Damage Inflicted 16918 | 98 513 2060 840 3147 1573 1987 . 1397 1908 662 1816 917 Guns 11735 | 98 198 748 840 2252 1480 1726 . 1397 1908 432 656 . Cannons 2515 | . 315 1270 . 895 . . . . . . 35 . Explosions 2407 | . . 42 . . 93 . . . . 230 1125 917 Melee 261 | . . . . . . 261 . . . . . . Ramming . | . . . . . . . . . . . . . Kinetic 98 | 98 . . . . . . . . . . . . Thermal 13595 | . 513 1366 840 3147 1480 1726 . 1397 1908 480 691 47 Explosive 1125 | . . . . . . . . . . . 1125 . Electromagnetic 1839 | . . 694 . . 93 . . . . 182 . 870 Impact 261 | . . . . . . 261 . . . . . . Slashing . | . . . . . . . . . . . . . Piercing . | . . . . . . . . . . . . . Highest Corruption 32 | . . . . 4 . 11 11 11 11 11 2 32 Average Corruption 9 | . . . . 3 . 10 11 11 11 11 1 9 Corruption Purged 4 | . . . . 4 . . . . . . . . Corruption Blocked . | . . . . . . . . . . . . . Effects 237 | . . . . 19 . 23 22 47 60 38 2 26 Message Errors 68 | . . . . 9 . 4 9 12 17 11 1 5 Matter Fused 59 | . . . . 3 . 4 4 8 20 9 . 11 Heat Flow Errors 25 | . . . . 2 . 2 1 12 4 4 . . Energy Discharges 24 | . . . . 2 . 1 2 5 3 6 1 4 Parts Rejected 2 | . . . . . . . . . 1 . . 1 Parts Fused 1 | . . . . . . 1 . . . . . . Data Loss (minor) 27 | . . . . 1 . 5 3 7 5 4 . 2 Data Loss (major) 6 | . . . . 1 . . . 2 2 . . 1 Misfires 9 | . . . . . . 2 1 1 3 2 . . Alerts 8 | . . . . . . 1 2 . 3 1 . 1 Misdirections 3 | . . . . . . 2 . . . . . 1 Weapon Failures 5 | . . . . 1 . 1 . . 2 1 . . Overload Shots 263 | . . . . 46 30 52 . 37 58 16 24 . Effects 17 | . . . . 4 . 6 . 1 4 1 1 . Energy Bleed 7 | . . . . 2 . 1 . . 4 . . . Heat Surge 8 | . . . . 2 . 3 . 1 . 1 1 . Short Circuit 2 | . . . . . . 2 . . . . . . Overflow Damage 281 | . 5 28 . 65 . 58 . . . . 125 . Projectiles 98 | . 5 28 . 65 . . . . . . . . Explosions 125 | . . . . . . . . . . . 125 . Melee 58 | . . . . . . 58 . . . . . . Knockbacks 2 | . . . . . . 2 . . . . . . Impact 2 | . . . . . . 2 . . . . . . Kinetic . | . . . . . . . . . . . . . Secondary . | . . . . . . . . . . . . . Self-Inflicted Damage 794 | . . . . . 36 . . . . 22 454 282 Shots 38 | . . . . . 2 . . . . 1 6 29 Rammed . | . . . . . . . . . . . . . Targets Rammed . | . . . . . . . . . . . . . Kicked . | . . . . . . . . . . . . . Crushed . | . . . . . . . . . . . . . Highest Temperature 441 | . 360 147 441 112 93 227 266 319 351 353 305 114 Average Temperature 88 | . 108 37 132 36 58 120 139 109 93 104 73 19 Received Heat Transfer 1794 | . 96 254 175 315 219 315 . 60 90 30 159 81 Effects 9 | . 1 . 2 . . . . 2 . 3 1 . Shutdowns 1 | . . . 1 . . . . . . . . . Energy Bleed 3 | . 1 . . . . . . 2 . . . . Interference 3 | . . . . . . . . . . 3 . . Damage (minor) 2 | . . . 1 . . . . . . . 1 . Siege Activations . | . . . . . . . . . . . . . Martial Activations . | . . . . . . . . . . . . . Shielding Activations . | . . . . . . . . . . . . . Robots Disrupted . | . . . . . . . . . . . . . Combat Hostiles . | . . . . . . . . . . . . . Robots Corrupted 3 | . . 2 . . . . . . . . . 1 Combat Hostiles 1 | . . 1 . . . . . . . . . . Parts Fried 12 | . . 1 . . . . . . . . . 11 Impact Corruptions 4 | . . . . . . 4 . . . . . . Robots Melted 5 | . . . . 1 1 1 . . . 1 1 . Combat Hostiles 4 | . . . . 1 1 1 . . . 1 . . Parts Melted 45 | . 6 1 . 8 4 7 . 3 12 1 3 . Heat Transferred 19295 | . 1116 2921 690 3618 2471 2477 . 1933 2423 700 896 50 Parts Sabotaged . | . . . . . . . . . . . . . Parts Stolen . | . . . . . . . . . . . . . Parts Stripped . | . . . . . . . . . . . . . Power Chain Reactions 4 | . . 1 . . 1 . . . . 1 . 1 Alert | -11 -10 -9 -8 -7 -6 -5 -5 -5 -5 -4 -4 -4 ------- Run | Yrd Mat Mat Mat Fac Fac Fac Upp Upp War Pro Fac Arm Maximum Alert Level 2 | . . 1 . . . . . . . . 2 1 Low Security (%) 78 | 100 100 31 100 100 100 100 . . . . 80 9 Level 1 19 | . . 68 . . . . . . . . 4 90 Level 2 1 | . . . . . . . . . . . 14 . Level 3 . | . . . . . . . . . . . . . Level 4 . | . . . . . . . . . . . . . Level 5 . | . . . . . . . . . . . . . High Security . | . . . . . . . . . . . . . Max Security . | . . . . . . . . . . . . . Peak Influence 576 | 10 134 387 163 177 175 83 . . . . 576 382 Initial 248 | . . 22 103 59 86 70 . . . . 2 248 Average 102 | 1 42 249 110 55 38 23 . . . . 112 242 Influence Increases 4371 | 10 266 696 250 763 296 275 . 139 165 210 814 487 Destroy 0b10 Robot/C 2420 | . 160 480 200 480 180 140 . 100 160 180 120 220 Destroy 0b10 Robot/NC 175 | 10 30 40 5 50 20 5 . . 5 . 10 . Destroy Leader 506 | . 32 106 40 134 40 42 . 20 . 30 22 40 Allied During Kill 129 | . . . . . . . . 19 . . . 110 Successful Hack 84 | . 12 32 5 24 . 6 . . . . 5 . Disable Machine 300 | . 30 . . 45 45 45 . . . . 60 75 Destroy Structure 352 | . 2 8 . 15 11 22 . . . . 282 12 Lose Combat Pursuer 105 | . . 30 . 15 . 15 . . . . 15 30 Active Sensor Use 300 | . . . . . . . . . . . 300 . Influence Decreases 4178 | 10 211 505 365 717 328 420 . 102 109 299 310 802 Entered New Map 806 | . . 33 143 72 91 75 . . 37 93 2 260 Time Decay 2938 | 10 211 422 222 635 227 321 . 52 42 186 188 422 Lost Part 334 | . . 50 . 10 10 24 . 10 30 20 120 60 Lost Ally 100 | . . . . . . . . 40 . . . 60 Squads Dispatched 36 | . 1 2 2 13 3 4 . . . . 6 5 Investigation 3 | . . . . . . . . . . . 3 . Extermination 12 | . . . . 5 2 2 . . . . 1 2 Reinforcement 14 | . 1 2 1 2 1 2 . . . . 2 3 Assault . | . . . . . . . . . . . . . Garrison 7 | . . . 1 6 . . . . . . . . Intercept . | . . . . . . . . . . . . . Searches Triggered . | . . . . . . . . . . . . . Construction Impeded 1 | . . . . . 1 . . . . . . . Haulers Reinforced 4 | . . . . 2 . . . . . . 2 . Active Scanning Responses 3 | . . . . . . . . . . . 3 . Cargo Convoy Interrupts 1 | . . . . . . . . . . . 1 . Stealth | -11 -10 -9 -8 -7 -6 -5 -5 -5 -5 -4 -4 -4 --------- Run | Yrd Mat Mat Mat Fac Fac Fac Upp Upp War Pro Fac Arm Distress Signals 4 | . . . . 1 . 1 . . 1 . 1 . Communications Jammed . | . . . . . . . . . . . . . Distress Signals . | . . . . . . . . . . . . . Times Spotted 234 | . 9 37 12 29 15 12 . 4 45 10 38 23 Peak Tracking Total 24 | . 4 7 4 6 4 3 . 3 8 5 24 6 Tactical Retreats 7 | . . 2 . 1 . 1 . . . . 1 2 Traps | -11 -10 -9 -8 -7 -6 -5 -5 -5 -5 -4 -4 -4 ------- Run | Yrd Mat Mat Mat Fac Fac Fac Upp Upp War Pro Fac Arm Traps Triggered 10 | . 2 . . 3 . . . . 3 . . 2 Indirectly . | . . . . . . . . . . . . . Trap Hack Attempts . | . . . . . . . . . . . . . Triggered . | . . . . . . . . . . . . . Disarmed . | . . . . . . . . . . . . . Reprogrammed . | . . . . . . . . . . . . . Reused . | . . . . . . . . . . . . . Traps Extracted . | . . . . . . . . . . . . . Installed . | . . . . . . . . . . . . . Triggered . | . . . . . . . . . . . . . Machines | -11 -10 -9 -8 -7 -6 -5 -5 -5 -5 -4 -4 -4 ---------- Run | Yrd Mat Mat Mat Fac Fac Fac Upp Upp War Pro Fac Arm Machines Disabled 23 | . 2 . . 3 3 3 . 2 1 . 4 5 Max in Single Turn 2 | . 1 . . 1 1 1 . 1 1 . 2 1 Machines Repaired . | . . . . . . . . . . . . . Machines Dismantled . | . . . . . . . . . . . . . Machines Sabotaged . | . . . . . . . . . . . . . Overloaded Fab Kills . | . . . . . . . . . . . . . Hacking | -11 -10 -9 -8 -7 -6 -5 -5 -5 -5 -4 -4 -4 --------- Run | Yrd Mat Mat Mat Fac Fac Fac Upp Upp War Pro Fac Arm Machines Accessed 38 | . 5 7 2 5 1 3 . . 11 . 2 2 Terminals 22 | . 4 6 2 4 1 3 . . . . 1 1 Fabricators . | . . . . . . . . . . . . . Repair Stations 2 | . 1 . . . . . . . . . 1 . Recycling Units 1 | . . . . . . . . . . . . 1 Scanalyzers 1 | . . 1 . . . . . . . . . . Garrison Access 1 | . . . . 1 . . . . . . . . Total Hacks 80 | . 14 16 5 8 1 6 . . 19 . 4 7 Successful 51 | . 11 8 1 2 . 3 . . 19 . 2 5 Failed 29 | . 3 8 4 6 1 3 . . . . 2 2 Catastrophic 6 | . 1 1 1 1 . 2 . . . . . . Database Lockouts . | . . . . . . . . . . . . . Manual 34 | . 5 10 3 7 1 6 . . . . 2 . Terminals 43 | . 7 13 5 7 1 6 . . . . 3 1 Fabricators . | . . . . . . . . . . . . . Repair Stations 8 | . 7 . . . . . . . . . 1 . Recycling Units 6 | . . . . . . . . . . . . 6 Scanalyzers 3 | . . 3 . . . . . . . . . . Garrison Access 1 | . . . . 1 . . . . . . . . Terminal Hacks 25 | . 2 2 . 1 . . . . 19 . 1 . Record 14 | . . . . . . . . . 14 . . . Prototype ID Bank 6 | . 1 . . . . . . . 5 . . . Terminal Index 1 | . 1 . . . . . . . . . . . Alert Level 2 | . . 1 . . . . . . . . 1 . Locate Traps 2 | . . 1 . 1 . . . . . . . . Fabricator Hacks . | . . . . . . . . . . . . . Repair Station Hacks 6 | . 6 . . . . . . . . . . . Scan Component 3 | . 3 . . . . . . . . . . . Repair 3 | . 3 . . . . . . . . . . . Recycling Unit Hacks 5 | . . . . . . . . . . . . 5 Recycle Component 2 | . . . . . . . . . . . . 2 Process 1 | . . . . . . . . . . . . 1 Report Inventory 1 | . . . . . . . . . . . . 1 Retrieve Matter 1 | . . . . . . . . . . . . 1 Scanalyzer 2 | . . 2 . . . . . . . . . . Insert Component 1 | . . 1 . . . . . . . . . . Analyze 1 | . . 1 . . . . . . . . . . Garrison Access Hacks . | . . . . . . . . . . . . . Unauthorized Hacks 13 | . 3 4 1 1 . 3 . . . . 1 . Terminals 13 | . 3 4 1 1 . 3 . . . . 1 . Assimilate 2 | . . 1 . . . 1 . . . . . . Botnet 11 | . 3 3 1 1 . 2 . . . . 1 . Fabricators . | . . . . . . . . . . . . . Repair Stations . | . . . . . . . . . . . . . Recycling Units . | . . . . . . . . . . . . . Scanalyzers . | . . . . . . . . . . . . . Garrison Access . | . . . . . . . . . . . . . Data Cores Recovered . | . . . . . . . . . . . . . Used . | . . . . . . . . . . . . . Hacking Detections 24 | . 3 6 2 5 1 3 . . . . 2 2 Full Trace Events . | . . . . . . . . . . . . . Feedback Events . | . . . . . . . . . . . . . Feedback Blocked . | . . . . . . . . . . . . . Robot Schematics Acquired . | . . . . . . . . . . . . . Robots Built . | . . . . . . . . . . . . . Authchips . | . . . . . . . . . . . . . Time . | . . . . . . . . . . . . . Total Robot Build Rating . | . . . . . . . . . . . . . Part Schematics Acquired 1 | . . 1 . . . . . . . . . . Parts Built . | . . . . . . . . . . . . . Authchips . | . . . . . . . . . . . . . Time . | . . . . . . . . . . . . . Total Part Build Rating . | . . . . . . . . . . . . . Parts Repaired 3 | . 3 . . . . . . . . . . . Time 90 | . 90 . . . . . . . . . . . Parts Recycled 2 | . . . . . . . . . . . . 2 Recycled Matter 110 | . . . . . . . . . . . . 110 Retrieved Matter 110 | . . . . . . . . . . . . 110 Retrieved Components . | . . . . . . . . . . . . . Parts Scanalyzed 1 | . . 1 . . . . . . . . . . Part Schematics Acquired 1 | . . 1 . . . . . . . . . . Parts Damaged . | . . . . . . . . . . . . . Bothacking | -11 -10 -9 -8 -7 -6 -5 -5 -5 -5 -4 -4 -4 ------------ Run | Yrd Mat Mat Mat Fac Fac Fac Upp Upp War Pro Fac Arm Used RIF Installer . | . . . . . . . . . . . . . Robots Hacked . | . . . . . . . . . . . . . Non-combat . | . . . . . . . . . . . . . Combat . | . . . . . . . . . . . . . Robot Hacks Applied . | . . . . . . . . . . . . . Relay Couplers Released . | . . . . . . . . . . . . . Fabnet Peak Effective % . | . . . . . . . . . . . . . Robots Rewired 10 | . . . . . . . . 3 . . . 7 Allies Hacked 1 | . . . . . . . . . . . . 1 Hacks Repelled . | . . . . . . . . . . . . . Allies | -11 -10 -9 -8 -7 -6 -5 -5 -5 -5 -4 -4 -4 -------- Run | Yrd Mat Mat Mat Fac Fac Fac Upp Upp War Pro Fac Arm Total Allies 11 | . . . . . . 1 . 3 . . . 7 Largest Group 7 | . . . . . . 1 1 3 . . . 7 Highest-Rated Group 413 | . . . . . . 10 10 87 . . . 413 Highest-Rated Ally 68 | . . . . . . 10 10 29 . . . 68 Total Orders 1 | . . . . . . . . 1 . . . . ROAM 1 | . . . . . . . . 1 . . . . Ally Attacks 45 | . . . . . . . . 14 . . . 31 Total Damage 1587 | . . . . . . . . 174 . . . 1413 Kills 12 | . . . . . . . . 4 . . . 8 Allies Corrupted 1 | . . . . . . . . . . . . 1 Allies Melted 1 | . . . . . . . . 1 . . . . Intel | -11 -10 -9 -8 -7 -6 -5 -5 -5 -5 -4 -4 -4 ------- Run | Yrd Mat Mat Mat Fac Fac Fac Upp Upp War Pro Fac Arm Active Infowar (turns) 8876 | 7 227 207 . 1097 972 943 625 1271 1636 902 589 400 Sensors 2655 | . . . . 1097 972 586 . . . . . . A.S.S. 5767 | . . . . . . 359 625 1271 1636 887 589 400 Structural 160 | . . 160 . . . . . . . . . . Seismic 405 | 7 227 171 . . . . . . . . . . Triangulation 5088 | . . . . . . 171 623 1271 1538 902 583 . Robot Analysis Total . | . . . . . . . . . . . . . Derelict Logs Recovered 4 | . . . . . . . 1 2 . 1 . . Drone Launches . | . . . . . . . . . . . . . Drone Recoveries . | . . . . . . . . . . . . . Exploration | -11 -10 -9 -8 -7 -6 -5 -5 -5 -5 -4 -4 -4 ------------- Run | Yrd Mat Mat Mat Fac Fac Fac Upp Upp War Pro Fac Arm Turns Passed 12796 | 34 680 1035 463 2332 983 1173 625 1271 1636 902 635 1027 Spaces Moved 6310 | 11 430 389 208 1071 456 515 366 663 838 512 315 536 Core 254 | . . . . . . . . . . . 30 224 Treads 5514 | . . 346 208 1071 456 515 366 663 838 512 227 312 Legs 57 | 11 46 . . . . . . . . . . . Wheels 427 | . 384 43 . . . . . . . . . . Hover . | . . . . . . . . . . . . . Flight 58 | . . . . . . . . . . . 58 . Fastest Speed 40 | 120 90 105 170 167 167 166 170 170 167 160 40 50 Average Speed 157 | 120 98 157 170 169 167 168 170 170 172 162 129 123 Slowest Speed 320 | 120 120 240 170 170 167 170 170 170 250 165 160 320 Overloaded Moves . | . . . . . . . . . . . . . Propulsion Burnouts . | . . . . . . . . . . . . . Robots Hopped . | . . . . . . . . . . . . . Potential Cave-ins 3 | . . . . . . . . . . . 3 . Cave-ins Triggered . | . . . . . . . . . . . . . Exploration Rate (%) 40 | 3 65 45 29 33 12 15 60 76 83 63 13 25 Regions Visited 12 Branch Regions 5 Pre-discovered Areas 2 | . . . . . . . . 1 1 . . . Known Exits Taken 7 | . . . . 1 1 1 1 1 1 1 . . Unknown Exits Taken 5 | 1 1 1 1 . . . . . . . 1 . Scrap Searched 7 | . . . . . . . . 5 . 2 . . Spaces Dug 10 | . . . . . . 1 . 3 . . 6 . Terrain Destroyed 252 | . . 6 . 14 7 12 . 6 5 5 191 6 Melee 6 | . . . . . . . . . . . 6 . Projectile 53 | . . . . 14 4 12 . 6 5 5 7 . AOE 193 | . . 6 . . 3 . . . . . 178 6 Terrain Rammed . | . . . . . . . . . . . . . Walls Destroyed . | . . . . . . . . . . . . . Machines Disabled . | . . . . . . . . . . . . . Actions | -11 -10 -9 -8 -7 -6 -5 -5 -5 -5 -4 -4 -4 --------- Run | Yrd Mat Mat Mat Fac Fac Fac Upp Upp War Pro Fac Arm Total 8394 | 18 633 623 272 1437 615 743 369 766 986 563 504 865 Wait 1158 | . 134 51 23 207 118 149 3 33 87 24 132 197 Move 6298 | 10 429 388 207 1070 455 514 365 662 837 511 314 536 Hop . | . . . . . . . . . . . . . Pick Up 94 | . 12 23 5 19 3 4 . 1 10 3 5 9 Fast Attach 62 | 1 7 5 1 17 . 8 . . 2 . 3 18 Attach 55 | . 4 8 3 2 3 9 . 1 7 3 6 9 Detach 11 | . 2 1 . . . . . . 3 . 5 . Swap 65 | . 7 16 3 8 4 6 1 3 4 6 7 . Drop 124 | . 10 26 6 37 2 10 . 2 15 3 12 1 Fire 397 | 7 28 105 24 77 30 37 . 18 21 13 14 23 Melee 13 | . . . . . . 6 . . . . 6 1 Ram . | . . . . . . . . . . . . . Kick . | . . . . . . . . . . . . . Crush . | . . . . . . . . . . . . . Escape Stasis . | . . . . . . . . . . . . . Rewire 117 | . . . . . . . . 46 . . . 71 Trap . | . . . . . . . . . . . . . Miscellaneous . | . . . . . . . . . . . . . Route ------- -11/Scrapyard -10/Materials (discovered 2 exits: *Mat / [*Min]) -9/Materials (discovered 3 exits: *Mat x2 / [*Min]) -8/Materials -7/Factory (discovered 2 exits: *Fac / *Low) -6/Factory -5/Factory -5/Upper Caves -5/Upper Caves -5/Warlord -4/Proximity Caves -4/Factory -4/Armory History --------- Turn | Location | Event 1 | -11/Scrapyard | Discovered new exit (range 3) 35 | -11/Scrapyard | Entered Materials 302 | -10/Materials | Build established: Mutant 398 | -10/Materials | Discovered new exit (range 6) 479 | -10/Materials | Discovered new exit (range 14) 577 | -10/Materials | Repaired Lgt. Nuclear Core 609 | -10/Materials | Repaired Beam Cannon 637 | -10/Materials | Repaired Com. Wheel 715 | -10/Materials | Entered another Materials area 715 | -9/Materials | Evolved 2 slots: Utility x2 905 | -9/Materials | Lost 3 parts (1n2u) 1040 | -9/Materials | Core integrity fell below 50% 1417 | -9/Materials | Discovered new exit (range 9) 1489 | -9/Materials | Discovered new exit (range 6) 1670 | -9/Materials | Discovered new exit (range 16) 1750 | -9/Materials | Entered another Materials area 1750 | -8/Materials | Evolved 2 slots: Propulsion x2 2057 | -8/Materials | Garrison activated, responded to threat 2196 | -8/Materials | Discovered new exit (range 11) 2213 | -8/Materials | Entered Factory 2213 | -7/Factory | Evolved 2 slots: Utility x2 2291 | -7/Factory | Garrison activated, responded to threat 4078 | -7/Factory | Discovered new exit (range 12) 4109 | -7/Factory | Identified exit to Lower Caves 4334 | -7/Factory | Garrison activated, responded to threat 4491 | -7/Factory | Discovered new exit (range 11) 4512 | -7/Factory | Identified exit to Factory 4545 | -7/Factory | Entered another Factory area 4545 | -6/Factory | Evolved 2 slots: Utility x1, Weapon x1 4853 | -6/Factory | Build established: Tank 5416 | -6/Factory | Discovered new exit (range 15) 5488 | -6/Factory | Identified exit to Factory 5528 | -6/Factory | Entered another Factory area 5528 | -5/Factory | Evolved 2 slots: Power x1, Utility x1 6080 | -5/Factory | System corruption reached 10% 6102 | -5/Factory | Lost 5 parts (2n2u1w) 6342 | -5/Factory | Found Prototype Device 6342 | -5/Factory | Identified Active Sensor Suite 6511 | -5/Factory | Discovered new exit (range 3) 6515 | -5/Factory | Identified exit to Upper Caves 6627 | -5/Factory | Build established: Scavenger-Skirmisher 6701 | -5/Factory | Entered Upper Caves 6701 | -5/Upper Caves | Accompanied by 1 ally 6722 | -5/Upper Caves | Learned 4 Factory zone layouts 7314 | -5/Upper Caves | Discovered new exit (range 8) 7324 | -5/Upper Caves | Identified exit to Upper Caves 7326 | -5/Upper Caves | Entered another Upper Caves area 7326 | -5/Upper Caves | Accompanied by 1 ally 7418 | -5/Upper Caves | Learned Factory terminal intel 7625 | -5/Upper Caves | Attacked by a delusional Derelict stockpiling Unaware 7849 | -5/Upper Caves | Learned location of Armory (-4) 8473 | -5/Upper Caves | Spotted B-75 Beast 8534 | -5/Upper Caves | Destroyed B-75 Beast 8590 | -5/Upper Caves | Discovered new exit (range 6) 8595 | -5/Upper Caves | Identified exit to Warlord 8597 | -5/Upper Caves | Entered Warlord 8720 | -5/Warlord | Discovered new exit (range 8) 8730 | -5/Warlord | Identified exit to Proximity Caves 9639 | -5/Warlord | Warlord's base attacked by MAIN.C 9655 | -5/Warlord | Met Warlord 9702 | -5/Warlord | Learned 4 Command zone layouts 9703 | -5/Warlord | Learned Armory repair station intel 9703 | -5/Warlord | Learned Armory scanalyzer intel 9989 | -5/Warlord | Warlord forces counterattacked 9990 | -5/Warlord | Spotted B-86 Titan 10033 | -5/Warlord | Spotted Striker 10045 | -5/Warlord | Spotted B-75 Beast 10067 | -5/Warlord | Spotted B-86 Titan 10104 | -5/Warlord | Spotted Striker 10108 | -5/Warlord | Lost 13 allies 10121 | -5/Warlord | Destroyed Striker 10145 | -5/Warlord | Spotted B-86 Titan 10150 | -5/Warlord | Spotted B-75 Beast 10150 | -5/Warlord | Spotted Striker 10192 | -5/Warlord | Lost 3 parts (1p1n1u) 10222 | -5/Warlord | Lost 8 allies 10233 | -5/Warlord | Entered Proximity Caves 10260 | -4/Proximity Caves | Learned Research security intel 10958 | -4/Proximity Caves | Build established: Scavenger-Tank 11126 | -4/Proximity Caves | Discovered new exit (range 7) 11134 | -4/Proximity Caves | Identified exit to Factory 11135 | -4/Proximity Caves | Entered Factory 11135 | -4/Factory | Evolved 2 slots: Utility x1, Weapon x1 11137 | -4/Factory | Loaded intel: 26 terminal locations 11603 | -4/Factory | Build established: Scavenger-Assassin 11725 | -4/Factory | Cargo convoy interrupted 11725 | -4/Factory | Spotted Striker 11754 | -4/Factory | Discovered new exit (range 16) 11766 | -4/Factory | Core integrity fell below 50% 11770 | -4/Factory | Entered Armory 11771 | -4/Armory | Loaded intel: 2 repair station locations 11789 | -4/Armory | Lost 11 parts (1p5n4u1w) 11790 | -4/Armory | Found Gamma Bomb Array 11791 | -4/Armory | Found Gamma Bomb Array 11793 | -4/Armory | Found Gamma Bomb Array 11795 | -4/Armory | Found Gamma Bomb Array 12171 | -4/Armory | Build established: Commander-Mutant 12200 | -4/Armory | P-70 Sage assimilated allied Veteran 7a 12285 | -4/Armory | Core integrity fell below 20% 12324 | -4/Armory | Lost 3 allies 12348 | -4/Armory | Found Corrupted Active Sensor Suite 12349 | -4/Armory | System corruption reached 10% 12352 | -4/Armory | Lost 5 parts (3u2w) 12637 | -4/Armory | Build established: Skirmisher 12748 | -4/Armory | Released all parts (13) 12781 | -4/Armory | System corruption reached 30% 12797 | -4/Armory | Destroyed by Y-64 Sentinel with Wave Gun Last Messages --------------- 12748_ Released Enh. Armored Medium Treads. 12748_ Released Gatling Laser. 12748_ Released Imp. Heavy Armor Plating. 12748_ Released Active Sensor Suite. 12748_ Released HERF Cannon. 12749_ System corrupted: Matter fused (-6). 12778_ Penetrated by Slug. 12778_ ALERT: Suspicious intruders detected, dispatching Specialist reinforcements to area. 12779_ P-70 Sage resets P-70 Sage, system corruption cleaned. 12780_ Penetrated by Slug. 12780_ Transfer Shaft disabled. 12783_ System corrupted: Matter fused (-7). 12783_ Penetrated by Slug. 12792_ Quantum Reactor destroyed. 12792_ Slug penetrates Wall. 12794_ Penetrated by Slug. 12797_ Enh. Armored Medium Treads blasted off. [Achievement: Tester] [Achievement: Overachiever] Map ----- +----------------------------------------------------+ | ??????????# [ #?????????? | | ??????????# ]] #?????????? | | ??????????# ]]] #?????????? | | ##+######## #?????????? | | + ##########? | | ! ###########/######!!!!!!!!#? | | =%"" #?????????# #????#!!! !!!!#? | | /Y" #?????????# #????#""" """"#? | | "" %#?????????# #????# #? | | #?????????# #????# #? | | ########### ########+######? | | " ##?? | | " ##### % T#?? | | "[% #???# ##?? | | #?###% % #??? | | #?# " ] #######??? | | " !#?###/####"""#### #????????? | | !=[#???# ! ! #?#x#????????? | | %= [%!#???# #?# #????????? | | !% *[!#???# "T" ### ###??????? | | !%==[=##### # #??????? | | #"%!] = ###/###### #??????? | | ###]!= ]=! +??????? | | ###/# ! ! ##### H #??????? | | # %=% #*=! #???# #??????? | | # " " # #???#; @##??????? | | # " " ## #???##% ;#??????? | | #?" " ##] #????# ##??????? | | # " " ## " #?#! #???????? | | # ## #?#*= #???????? | | ####+#### #?#!=[#???????? | | # # ####?#*=]#???????? | | + """" # ########????#=% #???????? | | # # #???????????# #???????? | | # # #???????????#%pp#???????? | | # """" # #?????#######;/#########? | | # # ??????# Y ! # | | ######### ??????# % # | | #????????+??????# """ " " """ """ # | | #???????????????# """ """ """ """ ? | | ????????????????# """ """ """ """ ? | | ????????????????# # | | ????????????????# # | | ????????????????##################? | | ??????????????????????????????????? | | ??????????????????????????????????? | | ??????????????????????????????????? | | ??????????????????????????????????? | | ??????????????????????????????????? | | ??????????????????????????????????? | +----------------------------------------------------+ Best States ------------- Heat Dissipation 86 Energy Generation 45 Energy Capacity 600 Matter Stores 300 Matter Capacity 300 Sight Range 16 Robot Scan Range 20 Terrain Scan Density 10 Power Amplification 20 Base Temperature (-) 100 Armor Coverage 600 Resistance: TH 10 Evasion (%) 62 Targeting Accuracy 5 Target Analysis 6 Recoil Reduction 4 Particle Charging 15 Offensive Hacking 10 Authchip Count 1 Item Schematics ----------------- Cld. Ion Engine | -9/Materials | Scanalyzed Robot Schematics ------------------ None Fabricated ------------ Nothing Repaired ---------- Lgt. Nuclear Core | 4% | -10/Materials Beam Cannon | 40% | -10/Materials Com. Wheel | 16% | -10/Materials Alien Tech Used ----------------- None Achievements -------------- Charge!!! Overachiever Tester Challenges ------------ None Game ------ Seed RelayPhysicsSubcomponent Manual? 0 Play Time 02:58:43 Cumulative 121.0 hours Start 2025.10.17 @ 04:28:39 End 2025.10.17 @ 12:48:46 Sessions 3 Manual Loads 0 Difficulty Rogue Special Mode None Game No. 117 Rogue 117 Adventurer 0 Explorer 0 Win Type - Total 1 Types 1/0/0/0/0/0/0/0/0/0 Lore% 60 Gallery% 50 Achievement% 50 Wizard Run 0 Options --------- Layout 0 ASCII 0 Keyboard 0 Movement Mouse Keybinds 0 Fullscreen 2 Font 18/X11 Map View 76x50 Zoom Use 0% Tactical HUD 1 Map Filters NONE Filters NONE Steam 1 RUN: 852345d6-9788-4649-b0fa-0e0fb9727675